 Dungeon Crawl Stone Soup version 0.24-a0-582-g4d4af813a0 (webtiles) character file.

Game seed: 1681698907514364598

116 Gynju the Archer (level 4, 0/36 HPs)
             Began as a Centaur Hunter on Aug 26, 2019.
             Slain by an adder (4 damage)
             ... on level 3 of the Dungeon.
             The game lasted 00:09:11 (2677 turns).

Gynju the Archer (Centaur Hunter)                   Turns: 2677, Time: 00:09:11

Health: 0/36       AC:  4    Str: 16    XL:     4   Next: 69%
Magic:  4/4        EV:  9    Int: 10    God:
Gold:   105        SH:  0    Dex:  9    Spells: 3/3 levels left

rFire    . . .     SeeInvis .   b - +1 whip (freeze)
rCold    . . .     Gourm    .   (no shield)
rNeg     . . .     Faith    .   c - +0 leather armour
rPois    .         Spirit   .   (no helmet)
rElec    .         Reflect  .   (no cloak)
rCorr    .         Harm     .   (no gloves)
MR       .....                  (no barding)
Stlth    +.........             (no amulet)
HPRegen  0.12/turn              (no ring)
MPRegen  0.09/turn              (no ring)

@: lethally poisoned (0 -> -4), very quick
A: large, hooves 3, deformed body, speed 2, tough skin 3
a: no special abilities


You were on level 3 of the Dungeon.
You were hungry.

You visited 1 branch of the dungeon, and saw 3 of its levels.

You collected 105 gold pieces.

Inventory:

Hand Weapons
 a - a +1 shortbow
 b - a +1 whip of freezing (weapon)
 q - a +0 short sword
Missiles
 d - 50 arrows
Armour
 c - a +0 leather armour (worn)
Jewellery
 r - an uncursed ring of protection from magic {unknown}
 x - an uncursed ring of positive energy {unknown}
Wands
 v - a wand of disintegration (20)
Scrolls
 e - 4 scrolls of teleportation {unknown}
 g - a scroll of fear {unknown}
 h - a scroll of magic mapping {unknown}
 i - a scroll of enchant weapon {unknown}
 k - 2 scrolls of immolation {unknown}
 l - a scroll of identify {unknown}
 o - a scroll of remove curse {unknown}
Potions
 j - a potion of haste {unknown}
 m - a potion of curing {unknown}
 n - 2 potions of brilliance {unknown}
 p - a potion of mutation {unknown}
 s - a potion of flight {unknown}
 t - a potion of invisibility {unknown}
 u - a potion of heal wounds
Comestibles
 f - 6 rations
 w - a chunk of flesh


   Skills:
 - Level 2.0 Fighting
 + Level 8.1 Bows
 - Level 1.3 Dodging
 - Level 0.4 Stealth


You had 3 spell levels left.
You didn't know any spells.
Your spell library was empty.

Dungeon Overview and Level Annotations

Branches:
Dungeon (3/15)

Altars:
Gozag
Sif Muna


Innate Abilities, Weirdness & Mutations

You have hooves in place of feet.
Armour fits poorly on your strangely shaped body.
You cover ground very quickly.
You have extremely tough skin. (AC +3)


Message History

You closely miss the adder.
The adder is almost dead.
The adder bites you.
* * * LOW HITPOINT WARNING * * *
You are lethally poisoned!
The adder poisons you!
Your leather armour prevents you from hitting the adder.
Your kick misses the adder.
The adder is almost dead.
* * * LOW HITPOINT WARNING * * *
You feel sick.
You barely miss the adder. Your kick misses the adder.
The adder is almost dead.
* * * LOW HITPOINT WARNING * * *
You feel sick.
The adder is no longer moving slowly.
The adder bites you but does no damage.
You miss the adder.
The adder is almost dead.
The adder bites you.
You die...

....#......#######.....<.....
#########..# ######..##...
###..# ##.............
##....# ##......####....
#..##.###....#### ###
######.###......###
....<............#####
####.................#
####.##.........@...##
..........<....S........
.....##.#..........#####
####.##.#..........#
####.#..#..........#
.##....#....#.###.##
.....#...##...# .#
.#รท.......#..## ..
###...##.......


You could see an adder.

Vanquished Creatures
  Ijyb (D:3)
  Natasha (D:3)
  An adder (D:3)
  2 worms (D:2)
  A dart slug (D:1)
  A leopard gecko (D:1)
  An orc (D:2)
  3 bats
  A giant cockroach (D:1)
  5 goblins
  7 hobgoblins
  4 jackals (D:1)
  3 kobolds (D:1)
  A quokka (D:3)
  4 frilled lizards
  11 rats
47 creatures vanquished.

Notes
Turn   | Place    | Note
-------+----------+-------------------------------------------
     0 | D:1      | Gynju the Centaur Hunter began the quest for the Orb.
     0 | D:1      | Reached XP level 1. HP: 17/17 MP: 1/1
    91 | D:1      | Reached skill level 6 in Bows
    91 | D:1      | Reached XP level 2. HP: 15/24 MP: 2/2
   635 | D:1      | Reached XP level 3. HP: 23/29 MP: 3/3
  1441 | D:2      | Reached skill level 7 in Bows
  1492 | D:2      | Found an opulent altar of Gozag.
  1493 | D:2      | Found a shimmering blue altar of Sif Muna.
  2463 | D:3      | Noticed Ijyb
  2472 | D:3      | Killed Ijyb
  2472 | D:3      | Reached XP level 4. HP: 19/36 MP: 4/4
  2662 | D:3      | Noticed Natasha
  2670 | D:3      | Killed Natasha
  2670 | D:3      | Reached skill level 8 in Bows
  2677 | D:3      | Slain by an adder

Levels and vault maps discovered:
D:1:      roderic_octagonal_star, layout_rooms
D:2:      layout_basic, chequers_temple_overflow_statue_of_worship
D:3:      layout_rooms, uniq_natasha, uniq_ijyb

Skill      XL: |  1  2  3  4 |
---------------+-------------+-----
Bows           | 6 7 8 |  8.1
Fighting       | |  2.0
Dodging        | |  1.3
Stealth        | |  0.4

Action                   |  1- 3 |  4- 6 || total
-------------------------+-------+-------++-------
Melee: Short sword       |    82 |       ||    82
       Kick              |    17 |     3 ||    20
       Whip              |    55 |    12 ||    67
 Fire: Shortbow          |     5 |       ||     5
  Eat: Chunk             |     4 |       ||     4
Armor: Leather armour    |    40 |     5 ||    45
Dodge: Dodged            |    65 |     5 ||    70

Table legend:
 A = Non-vault XP
 B = Vault XP
 C = Vault XP percentage of total XP
 D = Non-vault monster count
 E = Vault monster count
 F = Vault count percentage of total count
                 A         B        C        D         E       F
            +---------+---------+-------+---------+---------+-------
      Total |      95 |      71 |  42.8 |      45 |       2 |   4.3
            +---------+---------+-------+---------+---------+-------
        D:1 |      48 |       0 |   0.0 |      27 |       0 |   0.0
        D:2 |      30 |       0 |   0.0 |      15 |       0 |   0.0
        D:3 |      17 |      71 |  80.7 |       3 |       2 |  40.0
            +---------+---------+-------+---------+---------+-------
